[Event "Titled Tuesday Blitz May 23 Early 2023"]
[White "Vlassov, Nikolai"]
[Black "Svane, Rasmus"]
[WhiteFideId "4103360"]
[BlackFideId "4657101"]
[WhiteElo "2324"]
[BlackElo "2601"]
[Result "0-1"]
[Round "05"]
[TimeControl "180+2"]
[Date "2023.05.23"]
[WhiteClock "0:01:09"]
[BlackClock "0:01:09"]

1. e4 c6 2. d4 d5 3. e5 Bf5 4. Nc3 e6 5. g4 Bg6 6. Nge2 c5 7. h4 h5 8. Nf4 Bh7 9. Bb5+ Nc6 10. Nxh5 cxd4 11. Qxd4 Ne7 12. Bh6 a6 13. Bxg7 Bxg7 14. Nxg7+ Kf8 15. Nxe6+ fxe6 16. Bxc6 Nxc6 17. Qf4+ Kg7 18. O-O-O Rf8 19. Qg3 d4 20. Ne2 Qd5 21. Nf4 Qxa2 22. Nh5+ Kh8 23. Nf6 Qa1+ 24. Kd2 Qxb2 25. Nxh7 Kxh7 26. f4 Nb4 27. f5 Rac8 0-1


[Site "https://www.chess.com"]

[Event "Titled Tuesday Blitz May 23 Early 2023"]
[White "Zhigalko, Sergei"]
[Black "Dehtiarov, Roman"]
[WhiteFideId "13502956"]
[BlackFideId "14186640"]
[WhiteElo "2626"]
[BlackElo "2189"]
[Result "1-0"]
[Round "05"]
[TimeControl "180+2"]
[Date "2023.05.23"]
[WhiteClock "0:00:13"]
[BlackClock "0:00:00"]

1. e4 e5 2. Nf3 Nc6 3. Bc4 Bc5 4. b4 Bxb4 5. c3 Be7 6. d4 Na5 7. Bd3 exd4 8. cxd4 d5 9. e5 Be6 10. O-O Nc6 11. Nc3 Bb4 12. Ne2 Nge7 13. Rb1 Ba5 14. Ng5 Qd7 15. Nf4 O-O-O 16. Nfxe6 fxe6 17. Nf7 Bb6 18. Be3 Nf5 19. Nxh8 Rxh8 20. Bxf5 exf5 21. f4 Nd8 22. Kh1 Ne6 23. a4 a5 24. Rb5 Qc6 25. Qd3 Qc4 26. Qb1 Rd8 27. Rxb6 Qe2 28. Rb3 1-0


[Site "https://www.chess.com"]

[Event "Titled Tuesday Blitz May 23 Early 2023"]
[White "caropawn10"]
[Black "Zakhartsov, Vladimir"]
[BlackFideId "4145097"]
[WhiteElo "2669"]
[BlackElo "2495"]
[Result "0-1"]
[Round "05"]
[TimeControl "180+2"]
[Date "2023.05.23"]
[WhiteClock "0:00:17"]
[BlackClock "0:00:05"]

1. c4 g6 2. Nc3 Bg7 3. g3 c5 4. Bg2 Nc6 5. e4 a6 6. Nge2 Rb8 7. a4 e6 8. d3 Nge7 9. O-O O-O 10. Rb1 d6 11. Be3 Nd4 12. b4 Nxe2+ 13. Nxe2 cxb4 14. Rxb4 d5 15. exd5 exd5 16. Bb6 Qd7 17. Nf4 Nc6 18. Rb3 dxc4 19. dxc4 Ne5 20. Nd5 Nxc4 21. Ba7 Ra8 22. Bc5 Re8 23. Rb4 b5 24. Nf6+ Bxf6 25. Bxa8 Qc7 26. Bd4 Bxd4 27. Qxd4 Bh3 28. Bg2 Bxg2 29. Kxg2 Qc6+ 30. Kg1 Ne5 31. Rb3 Nf3+ 32. Rxf3 Qxf3 33. axb5 axb5 34. Qb4 Qd3 35. Rb1 Rb8 36. Rc1 h5 37. h4 Re8 38. Rf1 Qc4 39. Qxc4 bxc4 40. Rc1 Rc8 41. Rc3 Kg7 42. Kg2 Kf6 43. Kf3 Ke5 44. Ke3 Kd5 45. Rc2 c3 46. Kd3 f6 47. f3 g5 48. hxg5 fxg5 49. Rxc3 Rxc3+ 50. Kxc3 h4 51. f4 hxg3 52. fxg5 g2 53. g6 g1=Q 54. g7 Qxg7+ 0-1


[Site "https://www.chess.com"]

[Event "Titled Tuesday Blitz May 23 Early 2023"]
[White "Pranesh M"]
[Black "Ehlvest, Jaan"]
[WhiteFideId "35028600"]
[BlackFideId "4500016"]
[WhiteElo "2437"]
[BlackElo "2442"]
[Result "1-0"]
[Round "05"]
[TimeControl "180+2"]
[Date "2023.05.23"]
[WhiteClock "0:00:04"]
[BlackClock "0:00:00"]

1. e4 c5 2. Nf3 Nc6 3. d4 cxd4 4. Nxd4 Nf6 5. Nc3 e6 6. Ndb5 Bc5 7. Bf4 O-O 8. Bc7 Qe7 9. Bd6 Bxd6 10. Qxd6 Qd8 11. O-O-O a6 12. Nd4 Ne7 13. g4 b5 14. g5 Ne8 15. Qg3 b4 16. Nce2 Bb7 17. Bg2 Rc8 18. Kb1 d6 19. h4 Qc7 20. Rc1 e5 21. Nf5 d5 22. Nxe7+ Qxe7 23. exd5 Nd6 24. h5 f5 25. f4 Nc4 26. d6 Nxd6 27. Bxb7 Qxb7 28. fxe5 Nc4 29. Nf4 Qe4 30. Rhe1 Qd4 31. Nd3 Na3+ 32. bxa3 bxa3 33. Rcd1 Qc3 34. Qf2 Rfd8 35. Kc1 Qa1+ 36. Kd2 Rxc2+ 37. Kxc2 Qxa2+ 38. Kc3 Rxd3+ 39. Kxd3 Qxf2 40. e6 Kf8 41. Kc3 Qb2+ 42. Kc4 Qb5+ 43. Kc3 a2 44. e7+ 1-0


[Site "https://www.chess.com"]

[Event "Titled Tuesday Blitz May 23 Early 2023"]
[White "Schnaider, Ilan"]
[Black "Drygalov, Sergey"]
[WhiteFideId "169013"]
[BlackFideId "24171743"]
[WhiteElo "2224"]
[BlackElo "2533"]
[Result "0-1"]
[Round "05"]
[TimeControl "180+2"]
[Date "2023.05.23"]
[WhiteClock "0:00:24"]
[BlackClock "0:00:13"]

1. e4 c5 2. Nf3 d6 3. Bb5+ Nd7 4. O-O Nf6 5. Re1 a6 6. Bd3 e6 7. c3 b5 8. Bc2 c4 9. a4 Bb7 10. d4 cxd3 11. Bxd3 bxa4 12. Qxa4 Be7 13. Be3 O-O 14. Na3 Ng4 15. Bd4 e5 16. Be3 Nxe3 17. Rxe3 Nc5 18. Qc2 Kh8 19. Nc4 f5 20. Nfd2 fxe4 21. Nxe4 Nxd3 22. Qxd3 Bxe4 23. Rxe4 d5 24. Rxe5 dxc4 25. Qxc4 Bd6 26. Re2 a5 27. Rae1 Qf6 28. h3 Rab8 29. Qd5 Qf4 30. g3 Qf6 31. Qh5 a4 32. Qa5 Qf3 33. Qg5 a3 34. bxa3 Qxc3 35. Qd5 Qxa3 36. Kg2 Bc5 37. Qe4 Qa7 38. f4 Qc7 39. Qf3 Bd4 40. h4 Bf6 41. Re4 Rb2+ 42. R4e2 Rxe2+ 43. Rxe2 Rc8 44. Qe4 Qd7 45. Qf3 h6 46. h5 Qf5 47. g4 Qb5 48. Qe3 Rb8 49. Rd2 Qc6+ 50. Qf3 Qxf3+ 51. Kxf3 Kh7 52. Ke4 Rb4+ 53. Kf3 Rxf4+ 54. Kg3 Bg5 55. Rd7 Rf6 56. Rb7 Kg8 57. Rb8+ Kh7 58. Rb7 Bf4+ 59. Kh3 Be5 60. Kg2 Rf4 61. Kh3 Rf3+ 62. Kh4 Bf6+ 63. g5 Bxg5+ 64. Kg4 Rf4+ 65. Kg3 Rh4 66. Rb8 Bf4+ 67. Kxh4 Bxb8 68. Kg4 Be5 69. Kf5 Bf6 70. Ke6 Kg8 71. Kf5 Kf7 72. Kf4 Ke6 73. Ke4 Bg5 74. Kf3 Kf5 75. Kg3 Bf6 76. Kf3 Kg5 77. Kg3 Kxh5 78. Kh3 Kg5 79. Kg3 h5 80. Kg2 Kg4 81. Kh2 g5 82. Kg2 h4 83. Kg1 Kf3 84. Kh1 g4 85. Kg1 g3 86. Kh1 g2+ 87. Kg1 Bd4+ 88. Kh2 g1=N 89. Kh1 Ne2 90. Kh2 Nf4 91. Kh1 Be5 92. Kh2 Bd6 93. Kh1 Kg3 94. Kg1 h3 95. Kh1 Nd5 96. Kg1 Ne3 97. Kh1 Ng4 98. Kg1 h2+ 99. Kh1 Nf2# 0-1


[Site "https://www.chess.com"]

[Event "Titled Tuesday Blitz May 23 Early 2023"]
[White "Hansen, Eric"]
[Black "Weishaeutel, Moritz"]
[WhiteFideId "2606771"]
[BlackFideId "12967300"]
[WhiteElo "2561"]
[BlackElo "2301"]
[Result "0-1"]
[Round "05"]
[TimeControl "180+2"]
[Date "2023.05.23"]
[WhiteClock "0:00:11"]
[BlackClock "0:01:11"]

1. f4 e5 2. fxe5 d6 3. exd6 Bxd6 4. Nf3 Nf6 5. g3 Ng4 6. e3 Nc6 7. Bb5 h5 8. Qe2 h4 9. gxh4 Bd7 10. Nc3 a6 11. Ba4 b5 12. Bb3 Nce5 13. d4 Nxf3+ 14. Qxf3 Qxh4+ 15. Ke2 O-O 16. h3 Nh2 17. Rxh2 Bxh2 18. Bd2 Bxh3 19. Be1 Qg4 20. Nd5 Bf1+ 0-1


[Site "https://www.chess.com"]

[Event "Titled Tuesday Blitz May 23 Early 2023"]
[White "Fridman, Daniel"]
[Black "Ilkhomi, Jaloliddin"]
[WhiteFideId "11600454"]
[BlackFideId "14700948"]
[WhiteElo "2525"]
[BlackElo "2045"]
[Result "1-0"]
[Round "05"]
[TimeControl "180+2"]
[Date "2023.05.23"]
[WhiteClock "0:00:38"]
[BlackClock "0:00:05"]

1. d4 Nf6 2. Nf3 e6 3. c4 b6 4. g3 Bb7 5. Bg2 Be7 6. O-O O-O 7. Re1 d5 8. Ne5 Nbd7 9. Nc3 Rc8 10. Qa4 Nxe5 11. dxe5 Nd7 12. cxd5 exd5 13. Nxd5 Bxd5 14. Bxd5 Nxe5 15. Rd1 Bd6 16. Qxa7 Qf6 17. Qa4 Rcd8 18. Qf4 Qg6 19. Qg5 Qc2 20. Qd2 Qf5 21. Qg5 Qc2 22. Rd2 Qc5 23. Qf5 c6 24. Bb3 g6 25. Qc2 Qb4 26. Rd1 Be7 27. Bh6 Rfe8 28. h3 Bf6 29. Rxd8 Rxd8 30. Rd1 Qe7 31. Rxd8+ Qxd8 32. f4 Qd4+ 33. Kg2 Nd7 34. Qxc6 Nf8 35. Qe8 Bg7 36. Qxf7+ 1-0


[Site "https://www.chess.com"]

[Event "Titled Tuesday Blitz May 23 Early 2023"]
[White "Timofeev, Artyom"]
[Black "Skliarov, Viktor"]
[WhiteFideId "4140419"]
[BlackFideId "14106736"]
[WhiteElo "2586"]
[BlackElo "2317"]
[Result "1-0"]
[Round "05"]
[TimeControl "180+2"]
[Date "2023.05.23"]
[WhiteClock "0:01:20"]
[BlackClock "0:00:01"]

1. c4 e5 2. d3 Nf6 3. Nf3 c6 4. g3 e4 5. dxe4 Nxe4 6. Bg2 Bb4+ 7. Nbd2 O-O 8. O-O Nxd2 9. Nxd2 d6 10. a3 Bxd2 11. Bxd2 Be6 12. Qc2 d5 13. Rad1 Na6 14. cxd5 cxd5 15. Bc3 Rc8 16. Qa4 Nc5 17. Qd4 f6 18. Bb4 b6 19. Bxd5 Bxd5 20. Qxd5+ Qxd5 21. Rxd5 Rfe8 22. Bxc5 Rxc5 23. Rxc5 bxc5 24. e3 Rb8 25. Rc1 Rxb2 26. Rxc5 Rb7 27. Ra5 Kf7 28. g4 g5 29. Kg2 Kg6 30. Ra6 Rf7 31. e4 Kg7 32. Kg3 Rb7 33. f3 Re7 34. h4 h6 35. h5 Kf7 36. Kf2 Kg7 37. Ke3 Rd7 38. Ra5 Kf7 39. f4 gxf4+ 40. Kxf4 Ke6 41. Ra6+ Kf7 42. Kf5 Kg7 43. Rxf6 Rb7 44. Rg6+ Kh7 45. Ra6 1-0


[Site "https://www.chess.com"]

[Event "Titled Tuesday Blitz May 23 Early 2023"]
[White "Sychev, Klementy"]
[Black "Jeet, Jain"]
[WhiteFideId "4114060"]
[BlackFideId "5073022"]
[WhiteElo "2583"]
[BlackElo "2067"]
[Result "1-0"]
[Round "05"]
[TimeControl "180+2"]
[Date "2023.05.23"]
[WhiteClock "0:00:17"]
[BlackClock "0:00:40"]

1. e4 c6 2. d4 d5 3. e5 c5 4. dxc5 Nc6 5. f4 e6 6. Be3 d4 7. Bf2 Bxc5 8. Nd2 Qb6 9. Rb1 Nge7 10. Bd3 Nd5 11. Qg4 g6 12. Ne2 Qa5 13. a3 Ne3 14. Qf3 Qa4 15. Bxe3 dxe3 16. Ne4 Bb6 17. N2c3 Qa5 18. b4 Qxa3 19. Nd6+ Kf8 20. Ndb5 Qa6 21. Qe2 Bd8 22. O-O b6 23. Nc7 Qb7 24. Nxa8 Qxa8 25. Qxe3 Be7 26. f5 exf5 27. Qh6+ Ke8 28. Nd5 Be6 29. Nc7+ 1-0


[Site "https://www.chess.com"]

[Event "Titled Tuesday Blitz May 23 Early 2023"]
[White "Remizov, Yaroslav"]
[Black "Tasev, Dejan"]
[WhiteFideId "34134015"]
[BlackFideId "936618"]
[WhiteElo "2400"]
[BlackElo "2244"]
[Result "0-1"]
[Round "05"]
[TimeControl "180+2"]
[Date "2023.05.23"]
[WhiteClock "0:00:00"]
[BlackClock "0:00:19"]

1. e4 e5 2. Nf3 Nc6 3. Nc3 g6 4. g3 Bg7 5. Bg2 Nge7 6. O-O O-O 7. Re1 d6 8. d3 h6 9. Nd5 Nxd5 10. exd5 Ne7 11. d4 exd4 12. Nxd4 Nf5 13. Nb3 a5 14. a4 b6 15. c3 Ba6 16. Bf4 Qf6 17. Nd2 g5 18. Ne4 Qg6 19. Bd2 Rfe8 20. Qf3 g4 21. Qf4 Be5 22. Nf6+ Bxf6 23. Be4 Bg5 24. Qxf5 Qxf5 25. Bxf5 Bxd2 26. Red1 Bg5 27. Bxg4 Be2 28. Bxe2 Rxe2 29. Rab1 Bf6 30. Rd3 Kg7 31. Kg2 Rae8 32. Rf3 Rc2 33. b4 axb4 34. cxb4 Ree2 35. a5 bxa5 36. bxa5 Ra2 37. Rb7 Rec2 38. Ra7 Bd4 39. Ra8 Rxf2+ 40. Rxf2 Rxf2+ 41. Kh3 Ra2 42. a6 Bg1 43. Kg4 Bxh2 44. Kf3 Bg1 45. Ke4 Bb6 46. Kd3 Ra5 47. Kc4 Rc5+ 48. Kd4 Ra5+ 49. Kc4 h5 50. Kd3 Kg6 51. Ke4 Ra4+ 52. Kf3 f5 53. Rg8+ Kf6 54. a7 Rxa7 55. Re8 Ra3+ 56. Kg2 Rd3 57. Re6+ Kg5 58. Kh3 Rxd5 59. Re2 Rd3 60. Kg2 f4 61. gxf4+ Kxf4 62. Re8 h4 63. Kh1 c5 64. Rf8+ Ke4 65. Re8+ Kd5 66. Rh8 h3 67. Rh5+ Kc6 68. Rf5 Bc7 69. Rf6 c4 70. Kh2 c3 71. Rf1 d5+ 72. Kh1 d4 73. Rc1 Kd5 74. Kg1 Kc4 75. Ra1 c2 76. Ra4+ Kb5 77. Ra1 Rd1+ 78. Kf2 c1=Q 79. Ra2 Rd2+ 0-1


[Site "https://www.chess.com"]

[Event "Titled Tuesday Blitz May 23 Early 2023"]
[White "Agibileg, Uurtsaikh"]
[Black "Fier, Alexandr"]
[WhiteFideId "4901606"]
[BlackFideId "2107139"]
[WhiteElo "2353"]
[BlackElo "2610"]
[Result "1-0"]
[Round "05"]
[TimeControl "180+2"]
[Date "2023.05.23"]
[WhiteClock "0:00:08"]
[BlackClock "0:00:23"]

1. d4 Nf6 2. c4 c5 3. d5 e6 4. Nc3 exd5 5. cxd5 d6 6. e4 g6 7. Bd3 Bg7 8. h3 Nbd7 9. Nf3 Nh5 10. O-O Ne5 11. Be2 Nxf3+ 12. Bxf3 Qh4 13. Bxh5 gxh5 14. Nb5 Ke7 15. g3 Qxh3 16. Bg5+ f6 17. Bf4 Rd8 18. b4 a6 19. Nxd6 Rxd6 20. Bxd6+ Kxd6 21. bxc5+ Ke7 22. Rb1 h4 23. Rb3 Qg4 24. Qxg4 Bxg4 25. Rxb7+ Kf8 26. Rfb1 Re8 27. Rb8 hxg3 28. Rxe8+ Kxe8 29. fxg3 f5 30. Rb8+ Kf7 31. Rb7+ Kg6 32. exf5+ Bxf5 33. c6 Bd4+ 34. Kh2 Be5 35. Rb6 Kg5 36. Rxa6 h5 37. Ra4 Bg4 38. Kg2 Kf6 39. Rc4 Bc7 40. Re4 Bf5 41. Re8 Kf7 42. Rh8 Kg6 43. Kh2 Bd6 44. a4 Be4 45. a5 Bxd5 46. Rd8 Bxg3+ 47. Kxg3 Bxc6 48. Rd6+ 1-0


[Site "https://www.chess.com"]

[Event "Titled Tuesday Blitz May 23 Early 2023"]
[White "Pranav Anand"]
[Black "Manukyan, Sargis A."]
[WhiteFideId "46626786"]
[BlackFideId "13303970"]
[WhiteElo "2389"]
[BlackElo "2187"]
[Result "0-1"]
[Round "05"]
[TimeControl "180+2"]
[Date "2023.05.23"]
[WhiteClock "0:00:02"]
[BlackClock "0:00:20"]

1. d4 d5 2. c4 e6 3. Nc3 Nf6 4. cxd5 Nxd5 5. e4 Nxc3 6. bxc3 c5 7. Rb1 cxd4 8. cxd4 Nc6 9. Nf3 Bb4+ 10. Bd2 Bxd2+ 11. Qxd2 O-O 12. Bb5 Bd7 13. O-O a6 14. Bd3 b5 15. Rbc1 Rc8 16. Rfe1 Re8 17. h4 h6 18. e5 Qa5 19. Qe2 Nb4 20. Bb1 Bc6 21. Nd2 Nxa2 22. Rc5 Nc3 23. Qd3 Nxb1 24. Rxb1 Bd5 25. Rbc1 Rxc5 26. dxc5 Rc8 27. h5 Qc7 28. Qd4 a5 29. Ne4 Bxe4 30. Qxe4 b4 31. c6 Qb6 32. c7 Rxc7 33. Qa8+ Kh7 34. Qe4+ g6 35. hxg6+ fxg6 36. Rd1 b3 37. Rd6 Qb7 38. Qb1 b2 39. Rd1 a4 40. Re1 a3 41. f4 Qb3 42. Qe4 a2 43. f5 exf5 44. Qf4 b1=Q 45. e6 Qxe1+ 46. Kh2 Re7 0-1


[Site "https://www.chess.com"]

[Event "Titled Tuesday Blitz May 23 Early 2023"]
[White "Lewicki, Miroslaw"]
[Black "Gharibyan, Mamikon"]
[WhiteFideId "1113380"]
[BlackFideId "13308300"]
[WhiteElo "2212"]
[BlackElo "2445"]
[Result "0-1"]
[Round "05"]
[TimeControl "180+2"]
[Date "2023.05.23"]
[WhiteClock "0:00:02"]
[BlackClock "0:01:11"]

1. b3 g6 2. Bb2 Nf6 3. e4 d6 4. Nf3 Bg7 5. Be2 O-O 6. d3 a5 7. a3 c5 8. O-O a4 9. b4 Nc6 10. b5 Na5 11. Nbd2 c4 12. Nxc4 Nxc4 13. dxc4 Nxe4 14. Bxg7 Kxg7 15. Qd4+ Nf6 16. Rfd1 b6 17. Ne5 Bb7 18. Nc6 Qc7 19. Bf3 Bxc6 20. bxc6 Ra5 21. Rab1 Rc5 22. Rb4 Ra8 23. g4 h6 24. h4 Raa5 25. Bg2 Rxc6 26. Bxc6 Qxc6 27. f4 e5 28. Qxd6 Qf3 29. c5 Rxc5 30. Rd2 Nxg4 31. fxe5 Qg3+ 32. Kf1 Rc3 33. Rxg4 Rf3+ 34. Ke2 Qf2+ 35. Kd1 Qf1# 0-1


[Site "https://www.chess.com"]

[Event "Titled Tuesday Blitz May 23 Early 2023"]
[White "Kleiman, Jake"]
[Black "Rostovtsev, Dmitry"]
[WhiteFideId "2020041"]
[BlackFideId "34278320"]
[WhiteElo "2615"]
[BlackElo "2344"]
[Result "1-0"]
[Round "05"]
[TimeControl "180+2"]
[Date "2023.05.23"]
[WhiteClock "0:00:09"]
[BlackClock "0:00:00"]

1. e4 c5 2. c3 Nf6 3. e5 Nd5 4. Bc4 Nb6 5. Bb3 Nc6 6. Nf3 d5 7. exd6 c4 8. Bc2 Bg4 9. Qe2 e6 10. Na3 Bxd6 11. Nxc4 Nxc4 12. Qxc4 Bxf3 13. gxf3 O-O 14. d4 Rc8 15. Qd3 g6 16. h4 Qc7 17. h5 Nb4 18. Qe2 Nxc2+ 19. Qxc2 Bf4 20. Bxf4 Qxf4 21. Qe4 Qf6 22. hxg6 fxg6 23. O-O-O b5 24. Rd3 b4 25. Re3 bxc3 26. bxc3 Rc7 27. Kd2 Rcf7 28. Ke2 Rb8 29. Kd3 e5 30. Qxe5 Qa6+ 31. c4 Rbb7 32. Qe8+ Kg7 33. Qe5+ Kg8 34. f4 Qa3+ 35. Ke4 Rbe7 36. Rxa3 Rxe5+ 37. dxe5 Re7 38. Rd3 Kg7 39. Rd6 Rf7 40. Rhd1 Rf5 41. Rd7+ Kh6 42. Rh1+ Rh5 43. Rxh5+ 1-0


[Site "https://www.chess.com"]

[Event "Titled Tuesday Blitz May 23 Early 2023"]
[White "djokovic74"]
[Black "Bryakin, Mikhail"]
[BlackFideId "4165314"]
[WhiteElo "2599"]
[BlackElo "2467"]
[Result "1/2-1/2"]
[Round "05"]
[TimeControl "180+2"]
[Date "2023.05.23"]
[WhiteClock "0:00:05"]
[BlackClock "0:00:38"]

1. e4 e5 2. Nf3 Nf6 3. d4 Nxe4 4. Bd3 d5 5. Nxe5 Bd6 6. O-O O-O 7. c4 c6 8. Nc3 Nxc3 9. bxc3 dxc4 10. Bxc4 Nd7 11. Bf4 Nxe5 12. Bxe5 Bxe5 13. dxe5 Be6 14. Bxe6 fxe6 15. Qb3 Qe7 16. Rad1 Rad8 17. h3 b6 18. Qc4 c5 19. Qe4 g6 20. Qc6 Rc8 21. Qd6 Rf7 22. Qxe7 Rxe7 23. Rd6 Kf7 24. Rfd1 Ke8 25. c4 Rb8 26. a4 Rc8 27. f4 Kf7 28. Kf2 Rec7 29. g4 Ke7 30. Ke3 Rf8 31. h4 Rg8 32. Ke4 Rf8 33. Rf1 Rd7 34. Rxd7+ Kxd7 35. Rh1 h6 36. h5 g5 37. fxg5 hxg5 38. h6 Rh8 39. h7 Ke7 40. Rh6 Kf7 41. Rf6+ Ke7 42. Rh6 Kf7 43. Ke3 a6 44. Ke4 Ke7 45. Kd3 Kd7 46. Ke4 Ke7 47. Ke3 Kf7 48. Ke4 Ke7 1/2-1/2


[Site "https://www.chess.com"]

[Event "Titled Tuesday Blitz May 23 Early 2023"]
[White "Sattarov, Bobir"]
[Black "Fiorito, Joaquin"]
[WhiteFideId "14203081"]
[BlackFideId "180173"]
[WhiteElo "2351"]
[BlackElo "2157"]
[Result "1-0"]
[Round "05"]
[TimeControl "180+2"]
[Date "2023.05.23"]
[WhiteClock "0:00:22"]
[BlackClock "0:00:10"]

1. e4 c6 2. d4 d5 3. exd5 cxd5 4. Bd3 Nc6 5. c3 Nf6 6. Bf4 Bg4 7. Qb3 Qd7 8. Nd2 e6 9. Ngf3 Bd6 10. Bxd6 Qxd6 11. O-O O-O 12. Rae1 Qc7 13. Re3 Rab8 14. Ne5 Bh5 15. f4 b5 16. a3 Ne7 17. Qc2 Bg6 18. Bxg6 Nxg6 19. b4 a5 20. Nb3 Ne4 21. Nc5 Nxc5 22. dxc5 Rfd8 23. Qd3 Ne7 24. Rh3 h6 25. Rd1 d4 26. cxd4 Nd5 27. Qg3 Kf8 28. Rf1 axb4 29. axb4 Qa7 30. f5 exf5 31. Nc6 Qb7 32. Nxb8 Rxb8 33. Qd6+ Kg8 34. c6 Qa7 35. Qxd5 1-0


[Site "https://www.chess.com"]

[Event "Titled Tuesday Blitz May 23 Early 2023"]
[White "brm72"]
[Black "Ilamparthi A R"]
[BlackFideId "45015775"]
[WhiteElo "2589"]
[BlackElo "2348"]
[Result "1-0"]
[Round "05"]
[TimeControl "180+2"]
[Date "2023.05.23"]
[WhiteClock "0:00:09"]
[BlackClock "0:00:07"]

1. d4 Nf6 2. c4 g6 3. Nc3 Bg7 4. e4 d6 5. Nf3 O-O 6. Be2 e5 7. Be3 Ng4 8. Bg5 f6 9. Bc1 Nh6 10. O-O Nc6 11. h3 f5 12. dxe5 Nxe5 13. Nxe5 dxe5 14. Qxd8 Rxd8 15. Bg5 Rd7 16. Rad1 Nf7 17. Be3 c6 18. b3 Rxd1 19. Rxd1 Be6 20. Na4 b6 21. Nc3 Kf8 22. Bc1 Ke8 23. f3 Bf8 24. Kf2 Bb4 25. Bb2 Ke7 26. Bd3 Bc5+ 27. Ke2 Bd4 28. Na4 c5 29. Nc3 Rd8 30. Nd5+ Bxd5 31. Bxd4 cxd4 32. cxd5 Rc8 33. exf5 gxf5 34. Bxf5 Rc3 35. Bxh7 Kd6 36. Be4 Ng5 37. Rd3 Rc2+ 38. Rd2 Rc3 39. Kf2 Re3 40. Re2 Rc3 41. h4 Nf7 42. g4 Rc1 43. Kg2 Ke7 44. Bg6 Kf6 45. Be4 Nd6 46. g5+ Kg7 47. h5 Rc3 48. h6+ Kf7 49. g6+ Kf6 50. g7 Kf7 51. Bh7 Rc8 52. g8=Q+ Rxg8+ 53. Bxg8+ Kxg8 54. Rxe5 d3 55. Re1 Nf5 56. Kf2 1-0


[Site "https://www.chess.com"]

[Event "Titled Tuesday Blitz May 23 Early 2023"]
[White "Miranda, Rafael"]
[Black "Harsh Suresh"]
[WhiteFideId "130990"]
[BlackFideId "45018464"]
[WhiteElo "2204"]
[BlackElo "2209"]
[Result "1-0"]
[Round "05"]
[TimeControl "180+2"]
[Date "2023.05.23"]
[WhiteClock "0:00:20"]
[BlackClock "0:00:10"]

1. e4 c6 2. d4 d5 3. e5 c5 4. dxc5 e6 5. Nf3 Bxc5 6. Bd3 Nc6 7. O-O Nge7 8. Nbd2 Qc7 9. Nb3 Bb6 10. Re1 Bd7 11. c3 Ng6 12. Bxg6 hxg6 13. Be3 Bxe3 14. Rxe3 Ne7 15. Nbd4 Nf5 16. Re2 Qb6 17. Qb3 Qxb3 18. axb3 a6 19. b4 Ke7 20. g3 b6 21. Ree1 a5 22. bxa5 bxa5 23. Ra2 Rhb8 24. Rea1 a4 25. b3 axb3 26. Rxa8 b2 27. Nc6+ Bxc6 28. R1a7+ Rb7 29. Nd2 Kd7 30. Rxb7+ Bxb7 31. Ra2 d4 32. cxd4 Nxd4 33. Rxb2 Bd5 34. f4 f6 35. exf6 gxf6 36. Kf2 e5 37. fxe5 fxe5 38. h4 Ke6 39. Rb6+ Kf5 40. Nf1 Be6 41. Ne3+ Ke4 42. Rb4 Kd3 43. g4 Ke4 44. h5 gxh5 45. gxh5 Bg8 46. Rb8 Bh7 47. Rb7 Bg8 48. Rg7 Be6 49. h6 Nf5 50. Nxf5 Bxf5 51. h7 Bxh7 52. Rxh7 Kd3 53. Ke1 e4 54. Rh3+ e3 55. Rg3 Ke4 56. Ke2 Kf4 57. Rxe3 Kg4 58. Rf3 Kg5 59. Ke3 Kg4 60. Ke4 Kg5 61. Ke5 Kg4 62. Re3 Kh4 63. Kf5 Kh5 64. Rh3# 1-0


[Site "https://www.chess.com"]

[Event "Titled Tuesday Blitz May 23 Early 2023"]
[White "Melian, Juan Sebastian"]
[Black "Kilic, Eray"]
[WhiteFideId "3706575"]
[BlackFideId "44517173"]
[WhiteElo "2092"]
[BlackElo "2328"]
[Result "0-1"]
[Round "05"]
[TimeControl "180+2"]
[Date "2023.05.23"]
[WhiteClock "0:00:03"]
[BlackClock "0:00:38"]

1. d4 Nf6 2. c4 g6 3. Nc3 d5 4. e3 Bg7 5. Qb3 dxc4 6. Bxc4 O-O 7. Nf3 Nc6 8. Qc2 Bf5 9. Qe2 a6 10. O-O b5 11. Bb3 Ne4 12. Nxe4 Bxe4 13. Bd2 e5 14. Bc3 b4 15. Be1 exd4 16. Nxd4 Nxd4 17. exd4 Re8 18. Qd2 Qxd4 19. Qxb4 Qxb2 20. Rd1 Bf5 21. Bd2 Rab8 22. Qc5 Be5 23. Be3 Bd6 24. Qc4 Be6 25. Qxa6 Bxb3 26. axb3 Qxb3 27. Bd4 Qe6 28. Qc6 Bxh2+ 29. Kxh2 Qxc6 0-1


[Site "https://www.chess.com"]

[Event "Titled Tuesday Blitz May 23 Early 2023"]
[White "Tatarinov, Dmitry"]
[Black "Gontcharov, Vladislav"]
[WhiteFideId "24160067"]
[BlackFideId "4123492"]
[WhiteElo "2326"]
[BlackElo "2420"]
[Result "1-0"]
[Round "05"]
[TimeControl "180+2"]
[Date "2023.05.23"]
[WhiteClock "0:01:30"]
[BlackClock "0:00:00"]

1. d4 Nf6 2. c4 e6 3. Nf3 b6 4. g3 Bb7 5. Bg2 Bb4+ 6. Nbd2 O-O 7. O-O Qc8 8. Qc2 Bxd2 9. Bxd2 Ne4 10. d5 exd5 11. cxd5 Nxd2 12. Ng5 g6 13. Qxd2 c5 14. Ne4 f5 15. Nd6 Qc7 16. Nxb7 Qxb7 17. d6 Nc6 18. Bd5+ Kg7 19. Qc3+ Rf6 20. e4 fxe4 21. Rae1 Re8 22. Bxe4 Re6 23. Bg2 Qc8 24. Rxe6 dxe6 25. Bxc6 Qxc6 26. Rd1 Qd7 27. Qe5 Kf7 28. Rd2 h6 29. b3 g5 30. Qe4 Kg7 31. Qe5 Kf7 32. Kg2 Kg7 33. Rd3 Kf7 34. h3 Rf5 35. Qh8 Rd5 36. Qh7+ 1-0


[Site "https://www.chess.com"]

[Event "Titled Tuesday Blitz May 23 Early 2023"]
[White "Jaracz, Pawel"]
[Black "Garv Gaur"]
[WhiteFideId "1102222"]
[BlackFideId "45030839"]
[WhiteElo "2438"]
[BlackElo "2068"]
[Result "0-1"]
[Round "05"]
[TimeControl "180+2"]
[Date "2023.05.23"]
[WhiteClock "0:00:01"]
[BlackClock "0:00:58"]

1. e4 g6 2. d4 Bg7 3. Nc3 d5 4. exd5 Nf6 5. Bb5+ Nbd7 6. Qf3 O-O 7. Nge2 Nb6 8. Nf4 Bg4 9. Qg3 Bf5 10. Bd3 Bxd3 11. Nxd3 Nbxd5 12. Nxd5 Qxd5 13. c3 Rac8 14. O-O Ne4 15. Qf3 Nf6 16. Qxd5 Nxd5 17. Re1 e6 18. a4 a5 19. Bg5 h6 20. Bh4 g5 21. Bg3 Rfd8 22. Rad1 Ne7 23. Be5 Nf5 24. h3 Rd5 25. Bh2 c6 26. Ra1 b6 27. Re2 c5 28. Rc2 cxd4 29. c4 Rdd8 30. Re1 Nd6 31. b3 Nb7 32. Be5 Nc5 33. Nxc5 bxc5 34. Bxg7 Kxg7 35. Rd2 Kf6 36. g4 Rb8 37. Rd3 Rb4 38. f4 Rdb8 39. fxg5+ hxg5 40. Rf1+ Kg6 41. Rdf3 R8b7 42. Re1 Rxb3 43. Rxb3 Rxb3 44. Re5 Rb4 45. Rxc5 Rxa4 46. Kf2 Ra3 47. Ke2 Rxh3 48. Rxa5 Rc3 49. c5 f6 50. Kd2 e5 51. Ke2 e4 52. Kd2 e3+ 53. Ke2 Rc2+ 54. Kf3 Rf2+ 55. Ke4 e2 56. Ra1 Rf1 0-1


[Site "https://www.chess.com"]

[Event "Titled Tuesday Blitz May 23 Early 2023"]
[White "Fernandez Guillen, Ernesto J."]
[Black "Filipascu"]
[WhiteFideId "3512428"]
[WhiteElo "2429"]
[BlackElo "2547"]
[Result "1-0"]
[Round "05"]
[TimeControl "180+2"]
[Date "2023.05.23"]
[WhiteClock "0:00:36"]
[BlackClock "0:00:07"]

1. e4 c5 2. Nf3 d6 3. d4 cxd4 4. Nxd4 Nf6 5. Nc3 g6 6. Bc4 Bg7 7. f3 a6 8. Bb3 Nbd7 9. Be3 Nc5 10. Qd2 Nxb3 11. axb3 h5 12. h4 Bd7 13. O-O Rc8 14. Rad1 O-O 15. Rfe1 Qc7 16. Bh6 Qc5 17. Bxg7 Kxg7 18. Kh1 Rfe8 19. Nd5 Nxd5 20. exd5 Qxd5 21. Qb4 Kg8 22. c4 a5 23. Qb6 Qc5 24. Qxb7 Rc7 25. Qe4 e5 26. Nc2 Bf5 27. Qe2 a4 28. Ne3 axb3 29. Nxf5 gxf5 30. Qd2 f4 31. Qd3 Qf2 32. Qxd6 Qxh4+ 33. Kg1 Rce7 34. c5 Re6 35. Qd5 Qg5 36. c6 Rg6 37. Rd2 Qh4 38. Rc1 e4 39. Qd7 Rf8 40. c7 e3 41. Re2 Qg3 42. c8=Q Qxf3 43. Qxf8+ Kxf8 44. Rc8+ Kg7 45. Qd4+ f6 46. Qd7+ Kh6 47. Rh8+ Kg5 48. gxf3 Kh4+ 49. Kh1 Kg3 50. Qd5 f5 51. Rg2+ Kh4 52. Qd8+ Kh3 53. Rxh5# 1-0


[Site "https://www.chess.com"]